[Event "ICC tourney 2163 (75 10)"]
[Site "Internet Chess Club"]
[Date "2020.11.28"]
[Round "5"]
[White "Chessking2008"]
[Black "dpomerantz135"]
[Result "1-0"]
[ICCResult "Black forfeits on time"]
[WhiteElo "2191"]
[BlackElo "2238"]
[Opening "Nimzo-Indian: classical, Milner-Barry (Zurich) variation"]
[ECO "E33"]
[NIC "NI.24"]
[Time "14:48:25"]
[PlyCount "83"]
[TimeControl "4500+10"]


1. d4 Nf6 2. c4 e6 3. Nc3 Bb4 4. Qc2 Nc6 5. Nf3 d6 6. e4 O-O 7. Bd3 e5 8.
d5 Nb8 9. a3 Bxc3+ 10. Qxc3 a5 11. b4 axb4 12. axb4 Rxa1 13. Qxa1 Nbd7 14.
O-O Re8 15. Nd2 Nh5 16. Re1 Nf4 17. Bf1 Nf8 18. c5 N8g6 19. Qa3 Rf8 20. Nc4
dxc5 21. bxc5 Qh4 22. Qg3 Qh5 23. f3 Bd7 24. Bb2 f6 25. Ra1 Nh4 26. Ne3 Qh6
27. Bc1 f5 28. Bc4 fxe4 29. fxe4 Kh8 30. Kh1 Qh5 31. Bb2 h6 32. Bc3 Rf6 33.
Ra8+ Kh7 34. d6 Ne6 35. Qxe5 Qg6 36. Qg3 Qxe4 37. Bxf6 Qb1+ 38. Bf1 Nf5 39.
Qf3 Nxe3 40. Ra1 Qb3 41. Qe4+ Kg8 42. Qg6 { Black forfeits on time } 1-0

[Event "ICC tourney 2163 (75 10)"]
[Site "Internet Chess Club"]
[Date "2020.11.28"]
[Round "5"]
[White "RajeshCS"]
[Black "phoenix10q72"]
[Result "0-1"]
[ICCResult "White resigns"]
[WhiteElo "2310"]
[BlackElo "2264"]
[Opening "English: symmetrical, hedgehog system"]
[ECO "A34"]
[NIC "EO.40"]
[Time "14:47:53"]
[PlyCount "198"]
[TimeControl "4500+10"]


1. c4 c5 2. Nc3 b6 3. Nf3 Bb7 4. g3 Nf6 5. Bg2 e6 6. O-O Be7 7. d3 d6 8. a3
O-O 9. b4 Nbd7 10. bxc5 Nxc5 11. a4 a6 12. Rb1 Qc7 13. Ba3 Rac8 14. Bxc5
bxc5 15. Qb3 Rb8 16. Qc2 Bc6 17. Rxb8 Rxb8 18. Rb1 Rb4 19. Nd2 Be8 20. Bf3
h5 21. h3 h4 22. g4 Nd7 23. Na2 Rb8 24. Rxb8 Qxb8 25. Qb1 Qxb1+ 26. Nxb1
Ne5 27. Bb7 Bxa4 28. Bxa6 Bc6 29. Nac3 g5 30. Bb5 Bb7 31. Nd2 Ng6 32. e3
Kg7 33. Ba4 Ne5 34. Bc2 Nc6 35. Bd1 Nb4 36. Be2 f5 37. d4 cxd4 38. exd4 Kf6
39. Kf1 Bc6 40. Bf3 Be8 41. gxf5 exf5 42. Nd5+ Nxd5 43. Bxd5 Bd8 44. Nb3
Ba4 45. c5 dxc5 46. Nxc5 Bb5+ 47. Kg2 Ba5 48. Bf3 Bc3 49. d5 Ke5 50. Ne6
Bd2 51. Ng7 Bd7 52. Ne6 Bc8 53. Kg1 Bb7 54. Ng7 Bb4 55. Ne6 Bd2 56. Ng7 Bc8
57. Ne6 Bb4 58. Be2 Be7 59. f4+ gxf4 60. Bf3 Bd6 61. Kg2 Ba6 62. Ng5 Be7
63. Ne6 Bd3 64. Nc7 Be4 65. Nb5 Kxd5 66. Nc3+ Kd4 67. Nd1 Bb4 68. Kf2 Kd3
69. Nb2+ Kc3 70. Nd1+ Kd2 71. Nb2 Bc5+ 72. Kg2 Bd4 73. Nc4+ Kd3 74. Nd6 Bc5
75. Nb7 Bb4 76. Kf2 Be7 77. Na5 Bc5+ 78. Kg2 Bb6 79. Nc6 Ke3 80. Ne5 Bd4
81. Nc4+ Kd3 82. Nd6 Bb6 83. Nf7 Ke3 84. Ne5 Bc7 85. Nc4+ Kd3 86. Nb2+ Kc3
87. Nd1+ Kd2 88. Nb2 Bb8 89. Kf2 Ba7+ 90. Kg2 Bd4 91. Nc4+ Kd3 92. Nd6 Bc5
93. Nb7 Bb4 94. Kf2 Kd2 95. Bg2 Bxg2 96. Kxg2 Ke2 97. Nd8 f3+ 98. Kh2 f2
99. Nf7 f1=Q { White resigns } 0-1

[Event "ICC tourney 2163 (75 10)"]
[Site "Internet Chess Club"]
[Date "2020.11.28"]
[Round "5"]
[White "sathviks"]
[Black "josuevm"]
[Result "1-0"]
[ICCResult "Black resigns"]
[WhiteElo "2243"]
[BlackElo "2272"]
[Opening "Sicilian: Nimzovich-Rossolimo attack (without ...d6)"]
[ECO "B30"]
[NIC "SI.31"]
[Time "14:48:46"]
[PlyCount "57"]
[TimeControl "4500+10"]


1. e4 c5 2. Nf3 Nc6 3. Bb5 e5 4. O-O Nge7 5. c3 Qb6 6. Bc4 Ng6 7. Na3 Be7
8. Nc2 O-O 9. d4 cxd4 10. cxd4 d6 11. Be3 Qc7 12. Rc1 Qd8 13. h3 Bd7 14. d5
Nb8 15. Na3 f5 16. exf5 Bxf5 17. Nb5 a6 18. Nc3 b5 19. Be2 Qa5 20. a3 b4
21. Na4 Nd7 22. Bd2 Qd8 23. Bxb4 Nf4 24. Bd2 Nxh3+ 25. gxh3 Bxh3 26. Kh2
Bxf1 27. Qxf1 Rf5 28. Qh3 Qf8 29. Bd3 { Black resigns } 1-0

[Event "ICC tourney 2163 (75 10)"]
[Site "Internet Chess Club"]
[Date "2020.11.28"]
[Round "5"]
[White "Gfprasanna"]
[Black "Markss1420"]
[Result "1-0"]
[ICCResult "Black resigns"]
[WhiteElo "2135"]
[BlackElo "2108"]
[Opening "Robatsch (modern) defense"]
[ECO "B06"]
[NIC "KF.06"]
[Time "14:48:06"]
[PlyCount "63"]
[TimeControl "4500+10"]


1. e4 g6 2. d4 c6 3. Nf3 d6 4. c3 Bg7 5. Bd3 Qc7 6. Be3 Nf6 7. h3 O-O 8.
Nbd2 Nbd7 9. O-O a5 10. a4 e5 11. dxe5 Nxe5 12. Bc2 Nfd7 13. Nd4 Nb6 14.
Bb3 Nd3 15. Qe2 Nc5 16. Bc2 d5 17. N4f3 Nxe4 18. Nxe4 dxe4 19. Bxe4 Re8 20.
Qc2 Nc4 21. Bd4 Nd6 22. Bd3 c5 23. Bxg7 Kxg7 24. Rfe1 c4 25. Bf1 Bf5 26.
Qd2 f6 27. Qd4 Be6 28. Qf4 Qc5 29. Nd4 Bd7 30. Rad1 Re5 31. Nf3 g5 32. Rxe5
{ Black resigns } 1-0

[Event "ICC tourney 2163 (75 10)"]
[Site "Internet Chess Club"]
[Date "2020.11.28"]
[Round "5"]
[White "Enamul"]
[Black "savchess06"]
[Result "1-0"]
[ICCResult "Black resigns"]
[WhiteElo "2476"]
[BlackElo "2082"]
[Opening "French: Winawer (Nimzovich) variation"]
[ECO "C15"]
[NIC "FR.08"]
[Time "14:48:46"]
[PlyCount "143"]
[TimeControl "4500+10"]


1. e4 e6 2. d4 d5 3. Nc3 Bb4 4. exd5 exd5 5. Bd3 Ne7 6. Nf3 Nbc6 7. O-O O-O
8. Ne2 Bf5 9. Ng3 Bxd3 10. Qxd3 Qd7 11. Ng5 Ng6 12. Nf5 h6 13. Qh3 Rfd8 14.
Nf3 Nce7 15. Nxe7+ Bxe7 16. Qh5 Qc6 17. c3 Qf6 18. Re1 Bd6 19. Bd2 Nf4 20.
Bxf4 Bxf4 21. g3 g6 22. Qh3 Bd6 23. Re3 Kg7 24. Rae1 c6 25. Qf1 Qf5 26. Qe2
Qd7 27. Kg2 Rf8 28. h4 h5 29. Ng5 Rad8 30. Nf3 f6 31. a4 Kf7 32. Ne5+ fxe5
33. dxe5 Bxe5 34. Rxe5 Rde8 35. Qf3+ Kg7 36. Qe3 Rxe5 37. Qxe5+ Kg8 38. a5
Qf5 39. Qxf5 Rxf5 40. a6 bxa6 41. Re6 Kg7 42. Rxc6 Rf7 43. Rxa6 Rb7 44. Ra2
Kf6 45. Kf3 Ke5 46. Ke3 a5 47. Rxa5 Rxb2 48. c4 Rb3+ 49. Ke2 Rb2+ 50. Kf3
Rb3+ 51. Kg2 Rd3 52. Rxd5+ Rxd5 53. cxd5 Kxd5 54. Kf3 Ke5 55. Ke3 Kf5 56.
Kd4 Kf6 57. Ke4 Ke6 58. Kf4 Kf6 59. f3 g5+ 60. Ke4 gxh4 61. gxh4 Ke6 62. f4
Kf6 63. f5 Kf7 64. Ke5 Ke7 65. f6+ Kf7 66. Kf5 Kf8 67. Kg6 Kg8 68. Kxh5 Kf7
69. Kg5 Kf8 70. Kg6 Kg8 71. f7+ Kf8 72. h5 { Black resigns } 1-0

[Event "ICC tourney 2163 (75 10)"]
[Site "Internet Chess Club"]
[Date "2020.11.28"]
[Round "5"]
[White "wolverine54"]
[Black "creepycrawlies"]
[Result "1/2-1/2"]
[ICCResult "Game drawn by mutual agreement"]
[WhiteElo "2286"]
[BlackElo "2159"]
[Opening "Sicilian: Najdorf, Adams attack"]
[ECO "B90"]
[NIC "SI.14"]
[Time "14:47:55"]
[PlyCount "240"]
[TimeControl "4500+10"]


1. e4 c5 2. Nf3 d6 3. d4 cxd4 4. Nxd4 Nf6 5. Nc3 a6 6. h3 e5 7. Nde2 h5 8.
Bg5 Be6 9. Bxf6 Qxf6 10. Nd5 Qd8 11. Qd3 Nd7 12. O-O-O Rc8 13. Kb1 b5 14.
f4 Bxd5 15. Qxd5 Qc7 16. Qd2 Nf6 17. Nc3 exf4 18. Bd3 Be7 19. Qxf4 O-O 20.
Nd5 Nxd5 21. exd5 h4 22. Rde1 Rce8 23. Qg4 Bd8 24. Rxe8 Rxe8 25. Qh5 Bf6
26. Qh7+ Kf8 27. Qh8+ Ke7 28. Re1+ Be5 29. Qxg7 Kd8 30. Qg5+ Qe7 31. Qe3
Bd4 32. Qxe7+ Rxe7 33. Rf1 Be5 34. c3 Kc7 35. Kc2 Bg3 36. Rf3 Kb6 37. Kb3
Kc5 38. a4 Rb7 39. axb5 axb5 40. Kc2 Kxd5 41. Rf5+ Ke6 42. Rxb5 Rxb5 43.
Bxb5 f5 44. Be2 Kd7 45. Kd3 Kc7 46. Kd4 f4 47. Kd5 Bf2 48. Kc4 Kb6 49. Bf3
Bg3 50. Be4 Bf2 51. Kd5 Kc7 52. Ke6 Bg3 53. Bf3 Bf2 54. Kf5 Bg3 55. Ke4 Kb6
56. Kd4 Kc7 57. b3 Bf2+ 58. Ke4 Bg3 59. Kd4 Bf2+ 60. Kd5 Be1 61. Kc4 Kb6
62. b4 Bg3 63. Kd5 Be1 64. Kd4 Kc7 65. Be2 Kb6 66. Kd3 Kc7 67. Kc2 Kb6 68.
Kb3 Kc7 69. Ba6 Kb6 70. Bc8 Kc7 71. Be6 Kb6 72. Bd7 Kc7 73. Be8 Kb6 74. Kc4
Kc7 75. Kd4 Kb6 76. Ba4 Kc7 77. Bd1 Kb6 78. Bh5 Kc7 79. Be8 Kb6 80. b5 Kc7
81. c4 Bf2+ 82. Ke4 Bg3 83. Bh5 Bh2 84. Bf3 Bg3 85. Kd5 Bf2 86. Ke6 Bg3 87.
Kf5 Kb6 88. Bd5 Kc7 89. Kg5 Kb6 90. Kf6 Kc7 91. Ke7 Bf2 92. Be4 Bg3 93. Ke6
Bf2 94. Bf3 Bg3 95. Kf5 Kb6 96. Ke4 Kc7 97. Kd5 Bf2 98. Ke6 Bg3 99. b6+
Kxb6 100. Kxd6 Bf2 101. Ba8 Bd4 102. Bc6 Bc5+ 103. Kd5 Bf2 104. Be8 Kc7
105. c5 Bg3 106. Bh5 Bf2 107. Bf3 Bg3 108. Ke5 Bf2 109. Kd5 Bg3 110. Bd1
Bf2 111. Ba4 Bg3 112. Ke4 Kd8 113. Kf3 Kc7 114. Kg4 Kd8 115. Kf5 Kc7 116.
Ke6 Bf2 117. c6 Bg3 118. Kf5 Kd8 119. Ke4 Kc7 120. Kd5 Bf2 { Game drawn by
mutual agreement } 1/2-1/2

[Event "ICC tourney 2163 (75 10)"]
[Site "Internet Chess Club"]
[Date "2020.11.28"]
[Round "5"]
[White "sriramk"]
[Black "espark"]
[Result "1/2-1/2"]
[ICCResult "Game drawn by mutual agreement"]
[WhiteElo "2192"]
[BlackElo "2327"]
[Opening "Robatsch defense: two knights variation"]
[ECO "B06"]
[NIC "KF.05"]
[Time "14:47:57"]
[PlyCount "131"]
[TimeControl "4500+10"]


1. e4 g6 2. d4 Bg7 3. Nc3 d6 4. Nf3 a6 5. Be3 b5 6. Qd2 Nd7 7. h4 h6 8.
O-O-O Bb7 9. d5 c5 10. dxc6 Bxc6 11. Nd4 Bb7 12. f4 Ngf6 13. h5 Nxh5 14.
Rxh5 gxh5 15. Nf5 Bf6 16. Be2 Qc7 17. Nd5 Bxd5 18. Qxd5 Rc8 19. c4 Qc6 20.
Qd2 bxc4 21. e5 dxe5 22. Bf3 c3 23. Qd3 cxb2+ 24. Kb1 Qc7 25. Bxh5 Nb6 26.
fxe5 Bxe5 27. Nxh6 Rxh6 28. Bxh6 e6 29. Qh7 Nd5 30. Qg8+ Ke7 31. Qxf7+ Kd6
32. Bf8+ Rxf8 33. Qxf8+ Kc6 34. Rd3 Nc3+ 35. Rxc3+ Bxc3 36. Qe8+ Kd6 37.
Qf8+ Ke5 38. Qh8+ Kf4 39. Qh6+ Kg3 40. Qxe6 Be5 41. Qg4+ Kh2 42. Qh3+ Kg1
43. Qe3+ Kh1 44. Qh3+ Bh2 45. Kxb2 Qe5+ 46. Kc2 Qc5+ 47. Kb3 Qb5+ 48. Kc3
Qa5+ 49. Kb3 Qd5+ 50. Kb2 Qe5+ 51. Kb3 Qb5+ 52. Kc3 Qc5+ 53. Kb3 Kg1 54.
Qf3 Be5 55. g3 Qb5+ 56. Kc2 Qc4+ 57. Kd1 Qa4+ 58. Kc1 Qc4+ 59. Kd1 Qd4+ 60.
Kc2 Qb2+ 61. Kd3 Qb1+ 62. Ke3 Qe1+ 63. Kd3 Qb1+ 64. Ke3 Qe1+ 65. Kd3 Bxg3
66. Qd1 { Game drawn by mutual agreement } 1/2-1/2

[Event "ICC tourney 2163 (75 10)"]
[Site "Internet Chess Club"]
[Date "2020.11.28"]
[Round "5"]
[White "Gukesh"]
[Black "Sergeiaza"]
[Result "1-0"]
[ICCResult "Black resigns"]
[WhiteElo "2613"]
[BlackElo "2679"]
[Opening "Dutch: classical variation"]
[ECO "A96"]
[NIC "HD.01"]
[Time "14:47:56"]
[PlyCount "123"]
[TimeControl "4500+10"]


1. d4 f5 2. Nf3 Nf6 3. g3 e6 4. Bg2 Be7 5. O-O O-O 6. c4 d6 7. Nc3 Ne4 8.
Qc2 Nxc3 9. Qxc3 a5 10. Qc2 Nc6 11. d5 Nb4 12. Qd2 e5 13. a3 Na6 14. b4 f4
15. Bb2 Bg4 16. Ne1 Bg5 17. gxf4 Bxf4 18. e3 Bh6 19. f3 Bh5 20. Nd3 Qh4 21.
f4 Bg6 22. fxe5 Qxc4 23. Nf4 axb4 24. Rfc1 Qb5 25. axb4 dxe5 26. Bxe5 Bf7
27. Ra5 Qxb4 28. Qxb4 Nxb4 29. Rxa8 Rxa8 30. Rxc7 g5 31. Ne6 g4 32. Bd4 Re8
33. Be4 b5 34. Kf2 Nxd5 35. Bxd5 Bxe6 36. Rc8 Kf7 37. Rxe8 Bxd5 38. Re5 Bc4
39. Kg3 Be2 40. Rf5+ Kg6 41. Rf2 Bc4 42. Kxg4 Bg5 43. e4 b4 44. Rc2 Be6+
45. Kf3 h5 46. Rc6 Kf7 47. Rc7+ Ke8 48. Rc5 Bg4+ 49. Kg3 Be7 50. Rb5 Be2
51. Rb8+ Kf7 52. Rb7 Ke6 53. Kf4 Bd1 54. Rb6+ Kf7 55. Ke5 b3 56. Rb7 Ke8
57. h3 Bh4 58. Ke6 Be2 59. Rb8+ Bd8 60. Bf6 Bc4+ 61. Kd6 b2 62. Rxd8+ {
Black resigns } 1-0

[Event "ICC tourney 2163 (75 10)"]
[Site "Internet Chess Club"]
[Date "2020.11.28"]
[Round "6"]
[White "GGuseinov"]
[Black "helavir"]
[Result "1/2-1/2"]
[ICCResult "Game drawn by mutual agreement"]
[WhiteElo "2715"]
[BlackElo "2633"]
[Opening "Caro-Kann: classical, Spassky variation"]
[ECO "B19"]
[NIC "CK.12"]
[Time "18:32:57"]
[PlyCount "41"]
[TimeControl "4500+10"]


1. e4 c6 2. d4 d5 3. Nc3 dxe4 4. Nxe4 Bf5 5. Ng3 Bg6 6. h4 h6 7. Nf3 Nd7 8.
h5 Bh7 9. Bd3 Bxd3 10. Qxd3 e6 11. Bd2 Ngf6 12. O-O-O Be7 13. Ne4 Nxe4 14.
Qxe4 Nf6 15. Qd3 c5 16. Qb5+ Qd7 17. Qxd7+ Nxd7 18. Be3 cxd4 19. Bxd4 Nf6
20. Ne5 O-O 21. g4 { Game drawn by mutual agreement } 1/2-1/2

[Event "ICC tourney 2163 (75 10)"]
[Site "Internet Chess Club"]
[Date "2020.11.28"]
[Round "6"]
[White "phoenix10q72"]
[Black "lmperatorX"]
[Result "1-0"]
[ICCResult "Black checkmated"]
[WhiteElo "2264"]
[BlackElo "2113"]
[Opening "Sicilian: Najdorf, Byrne (English) attack"]
[ECO "B90"]
[NIC "SI.14"]
[Time "18:32:25"]
[PlyCount "51"]
[TimeControl "4500+10"]


1. e4 c5 2. Nf3 d6 3. d4 cxd4 4. Nxd4 Nf6 5. Nc3 a6 6. Be3 e5 7. Nb3 Be7 8.
f3 Be6 9. Qd2 O-O 10. O-O-O Nbd7 11. g4 b5 12. g5 Nh5 13. Nd5 Bxd5 14. exd5
f5 15. gxf6 Bxf6 16. Na5 Nb6 17. Kb1 Qc7 18. Bh3 e4 19. Bxb6 Qxb6 20. fxe4
b4 21. Nc6 Bc3 22. Qg5 Nf4 23. Bf5 Ne2 24. Bxh7+ Kxh7 25. Qh5+ Kg8 26. Ne7#
{ Black checkmated } 1-0

[Event "ICC tourney 2163 (75 10)"]
[Site "Internet Chess Club"]
[Date "2020.11.28"]
[Round "6"]
[White "KRASAVCHIK"]
[Black "TjkTiger"]
[Result "1/2-1/2"]
[ICCResult "Game drawn by mutual agreement"]
[WhiteElo "2648"]
[BlackElo "2605"]
[Opening "Sicilian: closed, 6.Be3"]
[ECO "B26"]
[NIC "SI.45"]
[Time "18:33:21"]
[PlyCount "34"]
[TimeControl "4500+10"]


1. e4 c5 2. Nc3 g6 3. g3 Bg7 4. Bg2 Nc6 5. d3 d6 6. Be3 Nf6 7. h3 e5 8. Qd2
Nd4 9. Nd1 d5 10. c3 Ne6 11. Ne2 d4 12. cxd4 cxd4 13. Bh6 Bxh6 14. Qxh6 g5
15. h4 Ng4 16. Qh5 Nf6 17. Qh6 Ng4 { Game drawn by mutual agreement }
1/2-1/2

[Event "ICC tourney 2163 (75 10)"]
[Site "Internet Chess Club"]
[Date "2020.11.28"]
[Round "6"]
[White "sathviks"]
[Black "wolverine54"]
[Result "0-1"]
[ICCResult "White resigns"]
[WhiteElo "2243"]
[BlackElo "2286"]
[Opening "Ruy Lopez: closed, Pilnik variation"]
[ECO "C90"]
[NIC "RL.19"]
[Time "18:32:44"]
[PlyCount "62"]
[TimeControl "4500+10"]


1. e4 e5 2. Nf3 Nc6 3. Bb5 a6 4. Ba4 Nf6 5. O-O Be7 6. Re1 b5 7. Bb3 d6 8.
c3 O-O 9. d3 Na5 10. Bc2 c5 11. Nbd2 Re8 12. Nf1 Bf8 13. Ng3 g6 14. h3 h6
15. Bd2 Nc6 16. a4 Be6 17. Nh2 Bg7 18. f4 exf4 19. Bxf4 d5 20. e5 Nd7 21.
d4 cxd4 22. cxd4 Qc7 23. Rc1 Rac8 24. Nf3 Qa5 25. Qd2 Qxd2 26. Bxd2 Bf8 27.
axb5 Nb4 28. Bb1 axb5 29. Rxc8 Rxc8 30. Ne2 g5 31. Nc3 Rb8 { White resigns
} 0-1

[Event "ICC tourney 2163 (75 10)"]
[Site "Internet Chess Club"]
[Date "2020.11.28"]
[Round "6"]
[White "jy2020"]
[Black "dpomerantz135"]
[Result "1/2-1/2"]
[ICCResult "Game drawn by mutual agreement"]
[WhiteElo "2218"]
[BlackElo "2238"]
[Opening "Sicilian: Taimanov (Bastrikov) variation"]
[ECO "B47"]
[NIC "SI.40"]
[Time "18:32:35"]
[PlyCount "87"]
[TimeControl "4500+10"]


1. e4 c5 2. Nf3 e6 3. d4 cxd4 4. Nxd4 Nc6 5. Nc3 Qc7 6. g3 a6 7. Bg2 Nf6 8.
O-O Nxd4 9. Qxd4 Bc5 10. Bf4 d6 11. Qd2 h6 12. Na4 e5 13. Nxc5 dxc5 14. Be3
Be6 15. Qc3 Rc8 16. h3 O-O 17. f4 Rfd8 18. g4 exf4 19. Bxf4 Qd7 20. Bxh6
Qd4+ 21. Be3 Qxc3 22. bxc3 Nd7 23. Rfb1 b5 24. a4 Bc4 25. axb5 axb5 26. Rd1
Ne5 27. Bf4 f6 28. Bxe5 fxe5 29. Bf1 Bxf1 30. Kxf1 Rf8+ 31. Kg2 Rf4 32. Rd7
Rxe4 33. Raa7 Re3 34. Rxg7+ Kf8 35. Rh7 Kg8 36. Rag7+ Kf8 37. Rb7 Kg8 38.
h4 Rd8 39. Kf2 Rxc3 40. Ke2 Rxc2+ 41. Ke3 Rd4 42. Rbg7+ Kf8 43. Rf7+ Kg8
44. Rfg7+ { Game drawn by mutual agreement } 1/2-1/2

[Event "ICC tourney 2163 (75 10)"]
[Site "Internet Chess Club"]
[Date "2020.11.28"]
[Round "6"]
[White "NyzhnykIllia"]
[Black "Aleksandrov73"]
[Result "1-0"]
[ICCResult "Black resigns"]
[WhiteElo "2729"]
[BlackElo "2634"]
[Opening "QGD: Janowski variation"]
[ECO "D31"]
[NIC "EO.64"]
[Time "18:32:34"]
[PlyCount "79"]
[TimeControl "4500+10"]


1. c4 e6 2. Nc3 d5 3. d4 a6 4. Bf4 dxc4 5. e3 b5 6. a4 b4 7. Na2 Bb7 8. Nf3
c5 9. dxc5 Qxd1+ 10. Rxd1 Bxc5 11. Bxc4 Nc6 12. Nc1 Na5 13. Ba2 Rc8 14. Nb3
Nxb3 15. Bxb3 Nf6 16. a5 Ke7 17. Ke2 Ne4 18. Ne5 Rhd8 19. f3 g5 20. Bg3
Rxd1 21. Rxd1 Nxg3+ 22. hxg3 Rc7 23. g4 h6 24. Nd3 Bd6 25. e4 Kf6 26. Ke3
Bc5+ 27. Nxc5 Rxc5 28. Rd7 Bc8 29. Ra7 Kg6 30. g3 f5 31. Kd4 Rc1 32. gxf5+
exf5 33. Bf7+ Kg7 34. Be6+ Kf6 35. Bxc8 Rxc8 36. Rxa6+ Ke7 37. Rxh6 fxe4
38. fxe4 Rc2 39. a6 Rxb2 40. a7 { Black resigns } 1-0

[Event "ICC tourney 2163 (75 10)"]
[Site "Internet Chess Club"]
[Date "2020.11.28"]
[Round "6"]
[White "nithin"]
[Black "binomialfactor"]
[Result "1-0"]
[ICCResult "Black resigns"]
[WhiteElo "2250"]
[BlackElo "2171"]
[Opening "Queen's pawn game, Krause variation"]
[ECO "D02"]
[NIC "QP.09"]
[Time "18:32:31"]
[PlyCount "111"]
[TimeControl "4500+10"]


1. Nf3 d5 2. d4 c5 3. c4 dxc4 4. Nc3 cxd4 5. Qxd4 Qxd4 6. Nxd4 Nf6 7. e4 e5
8. Ndb5 Na6 9. Bxc4 Bd7 10. Bg5 Bb4 11. Bxf6 gxf6 12. O-O Bxc3 13. Nxc3 Nc7
14. Rfd1 Be6 15. Bxe6 fxe6 16. Na4 b6 17. Rac1 Nb5 18. Kf1 Ke7 19. Nc3 Nxc3
20. Rxc3 Rac8 21. Rg3 Rhg8 22. Rh3 Rg7 23. Rhd3 Ke8 24. Rd6 Re7 25. R1d2
Rc1+ 26. Ke2 Kf7 27. Rd8 Kg6 28. Kf3 Ra1 29. Rg8+ Kh6 30. a3 Rc1 31. g4
Rcc7 32. Rd6 Rcd7 33. Rc6 Rc7 34. Rxc7 Rxc7 35. Re8 Rc2 36. Rxe6 Kg6 37.
Re7 a5 38. h4 Rxb2 39. h5+ Kh6 40. Kg3 b5 41. Rf7 Rb3+ 42. f3 Rxa3 43.
Rxf6+ Kg7 44. Rb6 b4 45. g5 Rb3 46. h6+ Kf7 47. g6+ hxg6 48. Rb8 Rb1 49. h7
Rh1 50. h8=Q Rxh8 51. Rxh8 b3 52. Rb8 a4 53. Rb4 a3 54. Rxb3 a2 55. Ra3
a1=Q 56. Rxa1 { Black resigns } 1-0

[Event "ICC tourney 2163 (75 10)"]
[Site "Internet Chess Club"]
[Date "2020.11.28"]
[Round "6"]
[White "shianen"]
[Black "sriramk"]
[Result "1/2-1/2"]
[ICCResult "Game drawn by mutual agreement"]
[WhiteElo "2197"]
[BlackElo "2192"]
[Opening "QGD Slav defense: exchange variation"]
[ECO "D10"]
[NIC "SL.01"]
[Time "18:32:26"]
[PlyCount "69"]
[TimeControl "4500+10"]


1. d4 d5 2. c4 c6 3. cxd5 cxd5 4. Nc3 Nf6 5. Bf4 Nc6 6. e3 Bf5 7. Nf3 Rc8
8. Be2 e6 9. O-O Bd6 10. Ne5 O-O 11. Rc1 Bxe5 12. Bxe5 Nxe5 13. dxe5 Ne4
14. Qd4 Qa5 15. Nxe4 Bxe4 16. a3 h6 17. f3 Bc2 18. Bd3 Bb3 19. f4 Kh8 20.
Bb1 Bc4 21. Bd3 b5 22. Bxc4 bxc4 23. h3 Rb8 24. Rfd1 Qb6 25. Qxb6 Rxb6 26.
Rc2 Rfb8 27. Rdd2 Rb3 28. e4 dxe4 29. Rxc4 e3 30. Re2 Rxb2 31. Rxe3 h5 32.
Rec3 Kh7 33. Rc7 R8b7 34. Rxb7 Rxb7 35. g3 { Game drawn by mutual agreement
} 1/2-1/2

[Event "ICC tourney 2163 (75 10)"]
[Site "Internet Chess Club"]
[Date "2020.11.28"]
[Round "6"]
[White "MiamiBoy"]
[Black "manest"]
[Result "0-1"]
[ICCResult "White resigns"]
[WhiteElo "2251"]
[BlackElo "2718"]
[Opening "Philidor: Improved Hanham variation"]
[ECO "B07"]
[NIC "PU.08"]
[Time "18:37:07"]
[PlyCount "132"]
[TimeControl "4500+10"]


1. e4 d6 2. d4 Nf6 3. Nc3 e5 4. Nf3 Nbd7 5. Be2 c6 6. O-O Be7 7. Be3 O-O 8.
h3 b5 9. a3 a6 10. Qd2 Re8 11. Rad1 Qc7 12. Nh2 a5 13. b4 axb4 14. axb4
exd4 15. Qxd4 Bf8 16. f3 d5 17. exd5 c5 18. Qd2 cxb4 19. Ne4 Ra2 20. Bxb5
Nxe4 21. fxe4 Bd6 22. Ng4 Rxc2 23. Qd3 Rc3 24. Rc1 Rxd3 25. Rxc7 Rxe3 26.
Rxc8 Rxc8 27. Nxe3 Nf6 28. Nf5 Bc5+ 29. Kh2 Nxe4 30. Re1 Bd6+ 31. Kg1 g6
32. Rxe4 Rc1+ 33. Kf2 gxf5 34. Rc4 Rd1 35. Rc8+ Kg7 36. Bc4 Rd2+ 37. Kf1
Bg3 38. Be2 Rxd5 39. Rc4 Bd6 40. Rc1 Be5 41. Bc4 Rd2 42. Rb1 Bc3 43. g4 Rh2
44. Rd1 Rxh3 45. gxf5 Rf3+ 46. Ke2 Rxf5 47. Rg1+ Kf8 48. Rh1 h5 49. Ke3 Kg7
50. Be2 Kh6 51. Kd3 f6 52. Kc2 Rg5 53. Kb3 f5 54. Bd3 f4 55. Be2 Re5 56.
Bd1 Be1 57. Rf1 Re4 58. Bc2 Re3+ 59. Ka2 f3 60. Bd1 f2 61. Kb2 h4 62. Bb3
h3 63. Bd5 Kg5 64. Bc6 Kf4 65. Rh1 Bc3+ 66. Kc2 Re1 { White resigns } 0-1

[Event "ICC tourney 2163 (75 10)"]
[Site "Internet Chess Club"]
[Date "2020.11.28"]
[Round "6"]
[White "savchess06"]
[Black "Blue-Elephant1"]
[Result "1/2-1/2"]
[ICCResult "Game drawn by mutual agreement"]
[WhiteElo "2082"]
[BlackElo "2113"]
[Opening "Sicilian: Kan, Maróczy bind (Réti variation)"]
[ECO "B41"]
[NIC "SI.41"]
[Time "18:32:30"]
[PlyCount "70"]
[TimeControl "4500+10"]


1. e4 c5 2. Nf3 e6 3. d4 cxd4 4. Nxd4 a6 5. c4 Qc7 6. Nc3 Nf6 7. a3 b6 8.
Be2 Bb7 9. f3 Be7 10. Be3 d6 11. O-O O-O 12. Qd2 Nbd7 13. Rfc1 Rac8 14. a4
Qb8 15. a5 Bd8 16. axb6 Nxb6 17. b3 Re8 18. Bf1 Nfd7 19. Kh1 Bf6 20. Rab1
d5 21. cxd5 exd5 22. exd5 Rxc3 23. Rxc3 Nxd5 24. Rd3 Ne5 25. Nc6 Bxc6 26.
Rxd5 Bxd5 27. Qxd5 Ng4 28. Bg1 Ne3 29. Bxe3 Rxe3 30. Bxa6 g6 31. Bc4 Qe8
32. g3 h5 33. Kg2 Re5 34. Qb7 Re7 35. Qb6 Kg7 { Game drawn by mutual
agreement } 1/2-1/2

[Event "ICC tourney 2163 (75 10)"]
[Site "Internet Chess Club"]
[Date "2020.11.28"]
[Round "6"]
[White "creepycrawlies"]
[Black "Terry1234"]
[Result "1-0"]
[ICCResult "Black resigns"]
[WhiteElo "2159"]
[BlackElo "2285"]
[Opening "King's Indian: fianchetto, Yugoslav Panno"]
[ECO "E66"]
[NIC "KI.67"]
[Time "18:32:29"]
[PlyCount "65"]
[TimeControl "4500+10"]


1. d4 Nf6 2. c4 g6 3. g3 Bg7 4. Bg2 O-O 5. Nf3 d6 6. Nc3 c5 7. O-O Nc6 8.
d5 Na5 9. Nd2 a6 10. Qc2 b5 11. cxb5 axb5 12. Nxb5 Bf5 13. e4 Bd7 14. Nc3
Ne8 15. b3 Nc7 16. Bb2 Na6 17. Nd1 Qc7 18. Bxg7 Kxg7 19. Nb2 Rfb8 20. Rfe1
f6 21. f4 c4 22. Ndxc4 Nxc4 23. Nxc4 Bb5 24. Qc3 Bxc4 25. bxc4 Qb6+ 26. Kh1
Qb2 27. Qe3 Nc5 28. e5 Ra3 29. exf6+ exf6 30. Qe7+ Kh6 31. g4 Rb7 32. Qf8+
Rg7 33. Rab1 { Black resigns } 1-0

[Event "ICC tourney 2163 (75 10)"]
[Site "Internet Chess Club"]
[Date "2020.11.28"]
[Round "6"]
[White "Markss1420"]
[Black "ShadowApt"]
[Result "1/2-1/2"]
[ICCResult "Game drawn by mutual agreement"]
[WhiteElo "2108"]
[BlackElo "2110"]
[Opening "Sicilian defense"]
[ECO "B20"]
[NIC "SI.48"]
[Time "18:32:24"]
[PlyCount "117"]
[TimeControl "4500+10"]


1. e4 c5 2. b3 d6 3. Bb2 Nc6 4. Bb5 e5 5. Nc3 Nf6 6. d3 a6 7. Bc4 Be7 8.
Nge2 b5 9. Bd5 Nxd5 10. Nxd5 O-O 11. O-O Be6 12. c4 b4 13. Ng3 f5 14. f4
fxe4 15. Nxe4 Nd4 16. Bxd4 Bxd5 17. cxd5 cxd4 18. f5 Bf6 19. Qd2 Qa5 20.
Nxd6 Qxd5 21. Ne4 Rac8 22. Qxb4 Rc2 23. Rac1 Re2 24. Qc4 Qxc4 25. bxc4 Rxa2
26. Ra1 Rxa1 27. Rxa1 Ra8 28. Ra5 Kf8 29. Nc5 Bd8 30. Rxa6 Rxa6 31. Nxa6
Ke7 32. Kf2 Kd6 33. Nb4 e4 34. dxe4 Kc5 35. Nd3+ Kxc4 36. Ke2 Kc3 37. g3
Be7 38. e5 Kc2 39. h4 h6 40. h5 Kc3 41. g4 Kc2 42. Ne1+ Kc3 43. Nf3 d3+ 44.
Kd1 Bd8 45. g5 hxg5 46. h6 gxh6 47. f6 g4 48. Nh4 g3 49. Kc1 g2 50. Nxg2
Kd4 51. Nh4 Kxe5 52. f7 Be7 53. Kd2 Ke4 54. Ng6 Bb4+ 55. Kd1 h5 56. f8=Q
Bxf8 57. Nxf8 h4 58. Ne6 h3 59. Ng5+ { Game drawn by mutual agreement }
1/2-1/2